 Dungeon Crawl Stone Soup version 0.29-a0-925-g0a7a3d12f8 (webtiles) character file.

Game seed: 15574745690603106362

114 pmoppi the Sneak (level 5, -1/32 HPs)
             Began as a Kobold Brigand on July 28, 2022.
             Killed from afar by an orc wizard (3 damage)
             ... with a puff of flame
             ... on level 3 of the Dungeon.
             The game lasted 00:06:39 (3468 turns).

pmoppi the Sneak (Kobold Brigand)                   Turns: 3468, Time: 00:06:39

Health: -1/32      AC:  5    Str:  9    XL:     5   Next: 19%
Magic:  5/5        EV: 15    Int: 14    God:
Gold:   98         SH:  0    Dex: 16    Spells: 4/4 levels left

rFire   + . .      SeeInvis .   a - +2 dagger
rCold   . . .      Faith    .   (no shield)
rNeg    . . .      Spirit   .   b - +0 robe
rPois   .          Reflect  .   k - +0 helmet
rElec   .          Harm     .   c - +0 cloak
rCorr   .          Rampage  .   (no gloves)
Will    .....                   i - +0 pair of boots
Stlth   ++++......              (no amulet)
HPRegen 0.10/turn               f - ring of protection from fire
MPRegen 0.09/turn               (no ring)

@: no status effects
A: small, no large weapons, nightstalker 3
a: no special abilities


You were on level 3 of the Dungeon.
You visited 1 branch of the dungeon, and saw 3 of its levels.

You collected 98 gold pieces.

Inventory:

Hand Weapons
 a - a +2 dagger (weapon)
Missiles
 d - 18 poisoned darts (quivered)
 e - 3 curare-tipped darts
Armour
 b - a +0 robe (worn)
 c - a +0 cloak (worn)
 i - a +0 pair of boots (worn)
 k - a +0 helmet (worn)
Jewellery
 f - a ring of protection from fire (left hand)
 g - a ring of flight
Wands
 r - a wand of flame (19)
Scrolls
 h - 2 scrolls of blinking {unknown}
 m - a scroll of noise {unknown}
 n - a scroll of magic mapping {unknown}
 p - a scroll of poison {unknown}
 q - a scroll of enchant armour {unknown}
 s - 2 scrolls of identify {unknown}
 t - a scroll of fear {unknown}
 u - a scroll of vulnerability {unknown}
 v - 2 scrolls of teleportation {unknown}
Potions
 j - 3 potions of mutation {unknown}
 l - 2 potions of heal wounds {unknown}
 o - a potion of lignification {unknown}


   Skills:
 + Level 3.0 Fighting
 * Level 4.3 Short Blades
 + Level 2.9 Throwing
 + Level 2.5 Dodging
 + Level 5.9 Stealth


You had 4 spell levels left.
You didn't know any spells.
Your spell library contained the following spells:

 Spells                   Type           Power      Damage    Failure   Level
 Ensorcelled Hibernation  Hex/Ice        0%         N/A       41%         2
 Passwall                 Tmut/Erth      0%         N/A       41%         2
 Swiftness                Air            0%         N/A       65%         3


Dungeon Overview and Level Annotations

Branches:
Dungeon (3/15)

Altars:

Shops:
D:2 *   D:3 [

Annotations:
D:3 1 runed translucent door, Crazy Yiuf


Innate Abilities, Weirdness & Mutations

You are small and have problems with some larger weapons.
You are completely attuned to the shadows.


Message History

You are more confused.
Something hits you.
You hit something. Something hits you.
* * * LOW HITPOINT WARNING * * *
You're too confused to move!
You hear some strange, mumbled words.
You are more confused.
You bump into the rock wall.
You hear some strange, mumbled words.
You are more confused.
You bump into the rock wall.
Something hits you but does no damage.
You miss something. Your punch misses something.
Something hits you but does no damage.
You're too confused to move!
Something hits you but does no damage. Something hits you.
* * * LOW HITPOINT WARNING * * *
You bump into the rock wall.
Something barely misses you.
You bump into the rock wall.
Something hits you but does no damage.
You miss something. Something hits you.
* * * LOW HITPOINT WARNING * * *
You hit something.
You hear some strange, mumbled words.
A puff of flame appears from out of thin air!
The puff of flame misses you.
You bump into the rock wall.
Something hits you but does no damage.
You closely miss something. Something hits you but does no damage.
You completely miss something. Something hits you but does no damage.
You bump into the rock wall.
You feel less confused. Something hits you.
* * * LOW HITPOINT WARNING * * *
You completely miss something. You barely miss something. Something hits you.
* * * LOW HITPOINT WARNING * * *
You hit something but do no damage. Something completely misses you.
You barely miss something.
You hear some strange, mumbled words.
A puff of flame appears from out of thin air!
The puff of flame hits you. You resist.
You die...

#.# #.# #.# # ###o######
# #..o{@...# # #.#>####.#
# #.#.####.######### #
####o#.#............## #
#.(......##.##.......# #
.....##....###.##.####..#
# ...####.....##.##.#
#..# # ...
#....###.##.####..# # o.
#........##.#.....# #


You could see 2 orcs.

Vanquished Creatures
  Jessica (D:3)
  4 adders
  2 dart slugs (D:2)
  An orc (D:3)
  A ball python (D:2)
  7 bats
  A giant cockroach (D:1)
  7 hobgoblins
  5 jackals
  2 quokkas (D:1)
  5 frilled lizards
  3 goblins
  2 kobolds (D:1)
  7 rats
48 creatures vanquished.

Notes
Turn   | Place    | Note
-------+----------+-------------------------------------------
     0 | D:1      | pmoppi the Kobold Brigand began the quest for the Orb.
     0 | D:1      | Reached XP level 1. HP: 12/12 MP: 1/1
   338 | D:1      | Reached XP level 2. HP: 18/18 MP: 2/2
   934 | D:1      | Reached XP level 3. HP: 22/22 MP: 3/3
  1290 | D:2      | HP: 1/22 [poisoned by an adder]
  1866 | D:2      | Reached XP level 4. HP: 27/27 MP: 4/4
  2010 | D:2      | Found Lyarrugh's Assorted Antiques.
  2088 | D:2      | Found a faded altar of an unknown god.
  2522 | D:3      | Noticed Jessica
  2552 | D:3      | Killed Jessica
  2857 | D:3      | Found a runed translucent door.
  2860 | D:3      | Noticed Crazy Yiuf
  3030 | D:3      | Found Gokiy's Antique Armour Shop.
  3194 | D:3      | Reached XP level 5. HP: 32/32 MP: 5/5
  3466 | D:3      | HP: 1/32 [something (2)]
  3468 | D:3      | Killed from afar by an orc wizard

Illustrated notes

Levels and vault maps discovered:
D:1:      psy_arrival_radial02, layout_basic, wad_floor_pattern_untrapped
D:2:      layout_basic, serial_shops, nicolae_shop_trees,
          shapermc_ecumenical_altar_mp_highgroup, solitary_fountain,
          grunt_decor_cap, grunt_ministairs_9, kennysheep_nub
D:3:      layout_loops_corners, kennysheep_okawaru_gauntlet, serial_shops, shop,
          shop, minmay_cupped, uniq_jessica, uniq_crazy_yiuf_cottage

Skill      XL: |  1  2  3  4  5 |
---------------+----------------+-----
Short Blades   | 3 4 |  4.3
Dodging        | 2 |  2.5
Fighting       | 3 |  3.0
Throwing       | |  2.9
Stealth        | |  5.9

Action                   |  1- 3 |  4- 6 || total
-------------------------+-------+-------++-------
Melee: Dagger            |    77 |   100 ||   177
       Punch             |     1 |       ||     1
Throw: Dart              |       |     1 ||     1
 Stab: Sleeping          |    13 |     7 ||    20
       Distracted        |     1 |       ||     1
Armor: Robe              |     8 |    14 ||    22
Dodge: Dodged            |    42 |    46 ||    88

Table legend: (Time is in decaauts)
 A = Elapsed time spent in this place.
 B = Non-inter-level travel time spent in this place.
 C = Inter-level travel time spent in this place.
 D = Time resting spent in this place.
 E = Time spent auto-exploring this place.
 F = Levels seen in this place.
 G = Mean time per level.
                   A        B        C        D        E       F      G
               +--------+--------+--------+--------+--------+-----+--------+
         Total |   3433 |   3343 |     90 |    691 |   2220 |   3 | 1144.3 |
       Dungeon |   3433 |   3343 |     90 |    691 |   2220 |   3 | 1144.3 |
               +--------+--------+--------+--------+--------+-----+--------+

Top non-repeatable levels by time:
     D:2: 1271 daAuts
     D:1: 1204 daAuts
     D:3: 957 daAuts
